 Dungeon Crawl Stone Soup version 0.30.1-9-gdf580d7c3d (webtiles) character file.

Game seed: 11416937127312063847

12222 monsoonserge the Carver (level 11, -9/75 HPs)
             Began as a Merfolk Gladiator on Oct 3, 2023.
             Was a High Priest of Hepliaklqana.
             Hit by a silver javelin thrown by a minotaur (27 damage)
             ... in a Gauntlet.
             The game lasted 00:35:04 (11318 turns).

monsoonserge the Carver (Merfolk Gladiator)        Turns: 11318, Time: 00:35:05

Health: -9/75      AC: 18    Str: 16    XL:     11   Next: 90%
Magic:  13/17      EV: 21    Int:  4    God:    Hepliaklqana [*****.]
Gold:   659        SH:  5    Dex: 26    Spells: 10/10 levels left

rFire   . . .        P - +4 great sword (freeze)
rCold   . . .        (shield currently unavailable)
rNeg    . . .        W - +6 scale mail of the Poles {+Inv Regen+ Int+4}
rPois   .            o - +0 helmet "Madinneng" {Will++ Int-4}
rElec   .            f - +1 cloak "Leshiuwa" {Str+2 Int-3 Dex+5}
rCorr   +            t - +0 pair of gloves
SInv    .            (no boots)
Will    ++...        Q - amulet of reflection
Stlth   +++          B - ring of resist corrosion
HPRegen 1.12/turn    U - +5 ring of evasion
MPRegen 0.15/turn

%: no teleportation, reflection
@: no status effects
A: reduced essence, (nimble swimmer 2), mertail
a: Renounce Religion, Evoke Invisibility, Recall Ancestor, Ancestor Identity,
Transference, Idealise


You were in a Gauntlet.
You worshipped Hepliaklqana.
Hepliaklqana was extremely pleased with you.
You visited 3 branches of the dungeon, and saw 14 of its levels.
You also visited: Gauntlet.

You collected 659 gold pieces.

Inventory:

Hand Weapons
 h - a +0 scimitar of flaming
 P - a +4 great sword of freezing (weapon)
Missiles
 a - 22 poisoned darts (quivered)
 d - 3 throwing nets
 g - 6 silver boomerangs
 v - 5 boomerangs
 w - 6 boomerangs of dispersal
 G - 6 curare-tipped darts
Armour
 c - a +0 helmet
 f - the +1 cloak "Leshiuwa" (worn) {Str+2 Int-3 Dex+5}
   (You found it in a Gauntlet)

   Str:       It affects your strength (+2).
   Int:       It affects your intelligence (-3).
   Dex:       It affects your dexterity (+5).
 o - the +0 helmet "Madinneng" (worn) {Will++ Int-4}
   (You found it in a Gauntlet)

   Int:       It affects your intelligence (-4).
   Will:      It greatly increases your willpower.
 t - a +0 pair of gloves (worn)
 K - a scarf of harm
 W - the +6 scale mail of the Poles (worn) {+Inv Regen+ Int+4}
   (You found it on level 10 of the Dungeon)

   Int:       It affects your intelligence (+4).
   +Inv:      It lets you turn invisible.
   Regen:     It increases your rate of health regeneration.
Jewellery
 k - a ring of ice
 B - a ring of resist corrosion (left hand)
 Q - an amulet of reflection (around neck)
 T - an amulet of guardian spirit
 U - a +5 ring of evasion (right hand)
Wands
 s - a wand of roots (6)
 x - a wand of charming (16)
 L - a wand of polymorph (6)
 N - a wand of light (15)
 O - a wand of digging (7)
Scrolls
 b - a scroll of enchant armour {unknown}
 e - a scroll of noise {unknown}
 i - 3 scrolls of fog
 m - 5 scrolls of immolation
 n - a scroll of torment {unknown}
 E - a scroll of blinking {unknown}
 I - a scroll of fear {unknown}
 V - a scroll of amnesia {unknown}
Potions
 j - a potion of invisibility
 l - 6 potions of attraction
 p - 2 potions of might {unknown}
 q - 5 potions of heal wounds
 r - 3 potions of ambrosia {unknown}
 u - 5 potions of curing {unknown}
 A - a potion of magic {unknown}
 F - a potion of cancellation {unknown}
 H - a potion of resistance {unknown}
 J - 2 potions of degeneration {unknown}
 R - a potion of lignification {unknown}
 S - 2 potions of brilliance {unknown}
 Y - a potion of flight {unknown}
 Z - 2 potions of haste {unknown}
Miscellaneous
 C - a piece from Xom's chessboard (15/15)


   Skills:
 + Level 7.4 Fighting
 + Level 12.2 Long Blades
 + Level 3.6 Throwing
 + Level 6.2 Armour
 + Level 8.0 Dodging
 + Level 5.9 Stealth
 + Level 8.0 Invocations
 * Level 4.7 Evocations


You had 10 spell levels left.
You didn't know any spells.
Your spell library contained the following spells:

 Spells                   Type           Power      Damage    Failure   Level
 Beastly Appendage        Tmut           0%         N/A       88%         1
 Sandblast                Erth           0%         2d4       88%         1
 Slow                     Hex            0%         N/A       88%         1
 Sting                    Tmut/Pois      0%         1d3       88%         1
 Cigotuvi's Dreadful Rot  Necr/Pois/Air  0%         N/A       95%         2
 Passwall                 Tmut/Erth      0%         N/A       95%         2
 Poisonous Vapours        Pois/Air       0%         N/A       95%         2
 Wereblood                Tmut           0%         N/A       95%         2
 Confusing Touch          Hex            0%         N/A       99%         3
 Gell's Gravitas          Tloc           0%         N/A       99%         3
 Spider Form              Tmut/Pois      0%         N/A       99%         3
 Stone Arrow              Conj/Erth      0%         3d7       99%         3
 Teleport Other           Tloc           0%         N/A       99%         3
 Vampiric Draining        Necr           0%         2d6       99%         3
 Volatile Blastmotes      Fire/Tloc      0%         2d10      99%         3
 Dispel Undead            Necr           0%         3d6       100%        4
 Fulminant Prism          Conj/Hex       0%         3d5       100%        4
 Iskenderun's Mystic Bla  Conj/Tloc      0%         2d3       100%        4
 Olgreb's Toxic Radiance  Pois           0%         N/A       100%        4
 Summon Lightning Spire   Summ/Air       0%         N/A       100%        4
 Lee's Rapid Deconstruct  Erth           0%         3d4*      100%        5
 Death Channel            Necr           0%         N/A       100%        6
 Dispersal                Tloc           0%         N/A       100%        6
 Storm Form               Tmut/Air       0%         N/A       100%        7
 Maxwell's Capacitive Co  Air            0%         ∞         100%        8


Dungeon Overview and Level Annotations

Branches:
Dungeon (11/15)            Temple (1/1) D:6            Lair (2/5) D:8
Gauntlet (1/1)
  Swamp: Lair:2-3    Shoals: Lair:2-3     Snake: Lair:2-3    Spider: Lair:2-3
    Orc: D:9-12

Altars:
Ashenzari
Cheibriados
Dithmenos
Elyvilon
Fedhas
Gozag
Hepliaklqana
Kikubaaqudgha
Makhleb
Nemelex Xobeh
Okawaru
Qazlal
Ru
Sif Muna
Trog
Uskayaw
Vehumet
Wu Jian
Xom
Yredelemnul
Zin
The Shining One

Shops:
D:1 (   D:4 (

Annotations:
D:9 5 runed translucent doors
Lair:2 Amaemon Gauntlet 6 transporters


Innate Abilities, Weirdness & Mutations

Your life essence is reduced to manifest your ancestor. (-10% HP)
((You are very nimble when in or above water. (Stealth+, EV+, Speed+++)))
Your lower body shifts to a powerful aquatic tail in water.


Message History

The minotaur is lightly wounded.
The minotaur hits you with a +2 mace of protection.
The minotaur closely misses you.
Gnaeus casts a spell at the minotaur.
The stone arrow hits the minotaur!
You hit the minotaur but do no damage.
The minotaur is moderately wounded.
The minotaur hits you but does no damage.
The minotaur gores you!
Gnaeus points at the minotaur and mumbles some strange words.
The stone arrow hits the minotaur!
Unknown command.
You completely miss the minotaur.
The minotaur furiously retaliates!
The minotaur headbutts you.
The minotaur is heavily wounded.
The minotaur hits you with a +2 mace of protection!!
You block the minotaur's attack.
Unknown command.
You closely miss the minotaur.
The minotaur furiously retaliates!
The minotaur headbutts you!
* * * LOW HITPOINT WARNING * * *
The minotaur is heavily wounded.
The minotaur hits you but does no damage.
The minotaur barely misses you.
Unknown command.
You swap places.
The minotaur hits Gnaeus with a +2 mace of protection!
The minotaur gores Gnaeus but does no damage.
Gnaeus gestures at the minotaur while chanting.
The stone arrow misses the minotaur.
There is an open door here.
Press: ? - help, v - describe, . - travel
Here: Gnaeus the battlemage, wielding a +0 quarterstaff (moderately damaged, friendly)
The floor, spattered with blood.
Hepliaklqana grants Gnaeus healing and protection!
Gnaeus is fully restored!
The minotaur throws a silver javelin.
The silver javelin pierces through Gnaeus!
The silver javelin pierces through you!!
You die...

.. ### #. #∩#
#.##.# ..#H# .
#.#R# .#
###.##.#@###.##.
#...............
.##.##.##.##.##
#.##.##.##.##.##
#...............
##.##.##.##.##.#
#.##.##.##.##.#
...............
...............


You could see the friendly Gnaeus the battlemage (idealised) and a minotaur
(ally target).

Vanquished Creatures
  A death scarab (Gauntlet)
  A black mamba (Lair:1)
  A gargoyle (D:10)
  A cane toad (Lair:1)
  An efreet (Gauntlet)
  An ice devil (Gauntlet)
  A komodo dragon (Lair:1)
  A hornet (D:10)
  16 yaks
  2 fire elementals (Gauntlet)
  A basilisk (D:11)
  A hell hound (Gauntlet)
  An acid dragon (D:10)
  2 water moccasins
  2 orc warriors
  2 ogres
  A centaur (D:8)
  2 kobold brigands (D:9)
  5 bullfrogs
  A gnoll sergeant (D:9)
  2 scorpions
  7 wights
  8 killer bees
  2 howler monkeys
  Crazy Yiuf (D:7)
  3 orc priests (D:7)
  A jelly (D:6)
  Jessica (D:2)
  Ijyb (D:3)
  Natasha (D:3)
  3 iguanas
  2 orc wizards
  4 gnolls
  3 adders
  A shadow imp (D:3)
  3 white imps
  A worm (D:2)
  A dart slug (D:2)
  10 orcs
  2 bats
  3 endoplasms
  5 giant cockroaches
  9 goblins
  9 hobgoblins
  A jackal (D:5)
  2 quokkas
  3 ball pythons (D:1)
  3 frilled lizards
  7 kobolds
  A rat (D:1)
  A butterfly (D:5)
145 creatures vanquished.

Vanquished Creatures (collateral kills)
  Sonja (D:10)
  Maggie (D:7)
  A gargoyle (D:10)
  A komodo dragon (Lair:1)
  A hornet (D:9)
  Sigmund (D:3)
  A shadow (D:10)
  6 yaks
  A spectral cane toad (Gauntlet)
  An ice beast (D:6)
  A sky beast (D:5)
  An ogre (D:6)
  A centaur (D:8)
  A phantom (D:4)
  2 kobold brigands
  A bullfrog (D:8)
  A scorpion (D:7)
  2 gnoll sergeants
  2 wights (D:7)
  A killer bee (D:8)
  A crimson imp (D:7)
  2 hounds
  An orc priest (D:4)
  3 jellies
  Terence (D:2)
  Natasha (twice) (D:3)
  2 iguanas
  2 orc wizards
  Robin (D:3)
  7 gnolls
  5 adders
  4 white imps
  A worm (D:2)
  16 orcs
  A bat (D:3)
  2 endoplasms (D:3)
  7 giant cockroaches (D:3)
  8 goblins
  4 hobgoblins
  2 jackals (D:5)
  8 kobolds
  2 ball pythons
  A butterfly (D:5)
111 creatures vanquished.

Vanquished Creatures (others)
  6 battlemagi
6 creatures vanquished.

Grand Total: 262 creatures vanquished

Notes
Turn   | Place    | Note
-------+----------+-------------------------------------------
     0 | D:1      | monsoonserge the Merfolk Gladiator began the quest for the
                  | Orb.
     0 | D:1      | Reached XP level 1. HP: 16/16 MP: 1/1
   116 | D:1      | You fall into a shaft and drop 1 floor!
   177 | D:2      | Reached skill level 4 in Long Blades
   177 | D:2      | Reached XP level 2. HP: 21/22 MP: 2/2
   214 | D:2      | Found a faded altar of an unknown god.
   219 | D:2      | Prayed at the altar of an unknown god.
   219 | D:2      | Became a worshipper of Hepliaklqana the Forgotten
   219 | D:2      | Reached * piety under Hepliaklqana
   243 | D:1      | Reached XP level 3. HP: 23/24 MP: 3/3
   723 | D:1      | Found Rawnoa's Weapon Shop.
   815 | D:1      | Reached ** piety under Hepliaklqana
   822 | D:1      | Remembered your ancestor Gnaeus as a battlemage
  1214 | D:2      | Noticed Terence
  1218 | D:2      | Killed Terence
  1219 | D:2      | Reached XP level 4. HP: 21/30 MP: 4/4
  1221 | D:2      | Reached skill level 5 in Long Blades
  1458 | D:2      | Noticed Jessica
  1463 | D:2      | Killed Jessica
  1572 | D:2      | Reached XP level 5. HP: 35/35 MP: 5/5
  1824 | D:3      | Noticed Natasha
  1827 | D:3      | Killed Natasha
  1828 | D:3      | Reached skill level 1 in Armour
  1828 | D:3      | Reached skill level 5 in Dodging
  1965 | D:3      | Noticed Sigmund
  1975 | D:3      | Killed Sigmund
  1976 | D:3      | Reached skill level 6 in Long Blades
  1976 | D:3      | Reached skill level 1 in Stealth
  1976 | D:3      | Reached XP level 6. HP: 17/42 MP: 6/6
  2138 | D:3      | Noticed Natasha
  2147 | D:3      | Killed Natasha
  2160 | D:3      | Noticed Natasha
  2167 | D:3      | Killed Natasha
  2237 | D:3      | Noticed Robin
  2247 | D:3      | Killed Robin
  2437 | D:3      | Noticed Ijyb
  2442 | D:3      | Killed Ijyb
  2443 | D:3      | Reached XP level 7. HP: 46/46 MP: 7/7
  2805 | D:4      | Reached skill level 1 in Evocations
  3022 | D:4      | Reached *** piety under Hepliaklqana
  3183 | D:4      | Found Soekh's Antique Weapon Shoppe.
  3246 | D:5      | Entered Level 5 of the Dungeon
  3254 | D:5      | Reached skill level 7 in Long Blades
  3267 | D:5      | Reached skill level 1 in Invocations
  3321 | D:5      | Found an iron altar of Okawaru.
  3335 | D:5      | Reached XP level 8. HP: 53/54 MP: 8/8
  3381 | D:5      | Found a shimmering altar of Xom.
  3403 | D:5      | Identified the +7 whip of Sulphur {heavy, *Corrode Will+
                  | Int+2 Dex+3}
  3725 | D:6      | Reached skill level 8 in Long Blades
  4149 | D:6      | Found a staircase to the Ecumenical Temple.
  4154 | Temple   | Entered the Ecumenical Temple
  4154 | Temple   | Found a transporter.
  4154 | Temple   | Found a transporter.
  4156 | Temple   | Found a transporter.
  4156 | Temple   | Found a transporter.
  4903 | D:6      | Reached XP level 9. HP: 59/59 MP: 11/11
  5045 | D:7      | Reached skill level 9 in Long Blades
  5141 | D:7      | Reached **** piety under Hepliaklqana
  5234 | D:7      | Reached skill level 5 in Fighting
  5476 | D:7      | Noticed Maggie
  5486 | D:7      | Killed Maggie
  5846 | D:7      | Found a runed translucent door.
  5847 | D:7      | Noticed Crazy Yiuf
  6299 | D:7      | Killed Crazy Yiuf
  6482 | D:8      | Reached skill level 10 in Long Blades
  6482 | D:8      | Reached XP level 10. HP: 24/68 MP: 13/13
  6694 | D:8      | Reached skill level 5 in Invocations
  7236 | D:8      | Reached skill level 5 in Armour
  7242 | D:8      | Found a staircase to the Lair.
  7659 | Lair:1   | Entered Level 1 of the Lair of Beasts
  7848 | D:9      | Reached ***** piety under Hepliaklqana
  7895 | D:9      | Found the +9 staff of Olgreb {rPois∞}
  7976 | D:9      | Found a runed translucent door.
  7979 | D:9      | Noticed a wolf spider
  7979 | D:9      | Noticed a wolf spider
  7981 | D:9      | Found a runed translucent gate.
  7982 | D:9      | Found a runed translucent gate.
  7983 | D:9      | Noticed a wolf spider
  7991 | D:9      | Found a runed translucent gate.
  7993 | D:9      | Noticed a wolf spider
  7993 | D:9      | Noticed a black mamba
  7993 | D:9      | Noticed a black mamba
  7993 | D:9      | Noticed a black mamba
  7993 | D:9      | Noticed a wolf spider
  7993 | D:9      | Noticed a black mamba
  8043 | D:9      | Found a runed translucent door.
  8811 | D:10     | Entered Level 10 of the Dungeon
  8811 | D:10     | Noticed a gargoyle
  8824 | D:10     | Noticed Sonja
  8855 | D:10     | Identified the +6 scale mail of the Poles {+Inv Regen+
                  | Int+4}
  8866 | D:10     | Reached skill level 5 in Stealth
  9185 | Lair:1   | Noticed a black mamba
  9196 | Lair:1   | Killed a black mamba
  9282 | Lair:1   | Reached XP level 11. HP: 59/74 MP: 14/16
  9902 | Lair:2   | Noticed Amaemon
 10086 | D:10     | Reached skill level 11 in Long Blades
 10087 | D:10     | Killed Sonja
 10349 | D:10     | Found a basalt altar of Yredelemnul.
 10997 | D:11     | Found a gate leading to a gauntlet.
 11020 | Gauntlet | Entered a Gauntlet
 11020 | Gauntlet | Found a transporter.
 11020 | Gauntlet | Found a transporter.
 11020 | Gauntlet | Found a transporter.
 11021 | Gauntlet | Noticed a death scarab
 11039 | Gauntlet | Found a transporter.
 11040 | Gauntlet | Found a transporter.
 11045 | Gauntlet | Found a transporter.
 11082 | Gauntlet | Found a transporter.
 11085 | Gauntlet | Found a transporter.
 11087 | Gauntlet | Noticed a green death
 11098 | Gauntlet | Found a transporter.
 11113 | Gauntlet | Found a transporter.
 11131 | Gauntlet | Found a transporter.
 11134 | Gauntlet | Found a transporter.
 11182 | Gauntlet | Killed a death scarab
 11183 | Gauntlet | Reached skill level 12 in Long Blades
 11193 | Gauntlet | Identified the +1 cloak "Leshiuwa" {Str+2 Int-3 Dex+5}
 11268 | Gauntlet | Identified the +0 helmet "Madinneng" {Will++ Int-4}
 11308 | Gauntlet | Noticed a minotaur
 11318 | Gauntlet | Hit by a silver javelin thrown by a minotaur

Illustrated notes

Levels and vault maps discovered:
D:1:      wheals_arrival_linesprint, layout_loops_ring, serial_shops,
          nicolae_shop_bloodbath_and_beyond, kennysheep_boxes
D:2:      layout_loops_ring, shapermc_ecumenical_altar_acropolis, uniq_terence,
          uniq_jessica
D:3:      minmay_roachtagon, layout_loops_ring, uniq_natasha, uniq_sigmund,
          uniq_ijyb, uniq_robin
D:4:      minmay_inner_zag, layout_basic, serial_shops, nicolae_shop_peninsula
D:5:      layout_basic, mainiacjoe_overflow_concentric_impassable,
          xom_butterflies, minmay_misc_feat_five
D:6:      layout_basic, minmay_temple_entry_tees, eino_tiny_chamber,
          dk_vineyard_3
D:7:      layout_cave_pods, corner_web_ring, minmay_fire_ice_demons,
          uniq_crazy_yiuf_cottage, uniq_maggie
D:8:      layout_loops_ring, lair_entry_dummy
D:9:      layout_layer_cave, st_stairs_7, minmay_guarded_unrand_staff_of_olgreb
D:10:     layout_basic, kennysheep_mini_moat, uniq_sonja
D:11:     layout_irregular_city, gauntlet_entry_generic
Temple:   hellmonk_temple_divided_pantheon
Lair:1:   layout_cave_pods, chequers_serial_rivers_micro_d, nzn_random_ring
Lair:2:   lemuel_reptile_caves, layout_cave_pods, minmay_shoals_entry_centaurs,
          spider_nest_entry_funnel_web, gammafunk_ghost_ooze, lemuel_fruit_tree,
          uniq_amaemon
Gauntlet: minmay_gauntlet_mixed_big_or_small [gammafunk_gauntlet_arena_grid,
          minmay_gauntlet_arena_77_p_blocks,
          gammafunk_gauntlet_arena_arrow_garden,
          minmay_gauntlet_arena_77_terracotta_army,
          gammafunk_gauntlet_arena_open, minmay_gauntlet_arena_77_double_cross,
          gauntlet_exit_green]

Skill      XL: |  1  2  3  4  5  6  7  8  9 10 11 |
---------------+----------------------------------+-----
Long Blades    | 4 5 6 7 8 10 12 | 12.2
Armour         | 1 2 3 4 5 6 |  6.2
Dodging        | 5 6 7 8 |  8.0
Fighting       | 3 4 5 6 7 |  7.4
Stealth        | 1 2 3 5 |  5.9
Evocations     | 1 3 4 |  4.7
Invocations    | 1 3 4 6 8 |  8.0
Throwing       | 3 |  3.6

Action                     |  1- 3 |  4- 6 |  7- 9 | 10-12 || total
---------------------------+-------+-------+-------+-------++-------
  Melee: Long sword        |    70 |       |       |       ||    70
         Falchion          |     9 |    41 |   188 |       ||   238
         Punch             |       |     1 |     2 |       ||     3
         Great sword       |       |       |    37 |   157 ||   194
         Tailslap          |       |       |     2 |       ||     2
  Throw: Dart              |       |     5 |     8 |     5 ||    18
         Boomerang         |       |       |     2 |     2 ||     4
         Javelin           |       |       |       |     1 ||     1
 Invoke: Ancestor Life: Ba |     1 |       |       |       ||     1
         Recall Ancestor   |       |       |     2 |     1 ||     3
         Idealise          |       |       |     1 |     2 ||     3
  Evoke: Piece from Xom's  |       |       |     3 |       ||     3
         Wand              |       |       |     1 |       ||     1
    Use: Scroll            |       |       |     5 |     4 ||     9
         Potion            |       |       |       |     1 ||     1
   Stab: Distracted        |     2 |       |     4 |       ||     6
         Sleeping          |     1 |       |     1 |     3 ||     5
         Confused          |       |       |     1 |       ||     1
 Armour: Leather armour    |    16 |     1 |       |       ||    17
         Ring mail         |       |    13 |    56 |    17 ||    86
         Scale mail        |       |       |       |    28 ||    28
  Dodge: Dodged            |    69 |    38 |   143 |   141 ||   391
  Block: Other             |       |       |     2 |    38 ||    40
         Reflection        |       |       |       |     1 ||     1
